 Dungeon Crawl Stone Soup version 0.31-a0-152-g6aa68a64a1 (webtiles) character file.

Game seed: 17385649142504199186

10711 qw the Skirmisher (level 11, -6/106 HPs)
             Began as a Naga Hunter on June 10, 2023.
             Was a Priest of Okawaru.
             Mangled by a basilisk (14 damage)
             ... on level 1 of the Lair of Beasts.
             The game lasted 00:04:22 (9086 turns).

qw the Skirmisher (Naga Hunter)                     Turns: 9086, Time: 00:04:22

Health: -6/106     AC: 15    Str: 18    XL:     11   Next: 66%
Magic:  12/14      EV: 18    Int: 13    God:    Okawaru [***...]
Gold:   1          SH:  0    Dex: 24    Spells: 10/10 levels left

rFire   . . .        Y - +0 orcbow
rCold   . . .        (shield currently unavailable)
rNeg    . . .        p - +1 robe {Will+}
rPois   +            a - +1 helmet
rElec   .            k - +0 cloak {Stlth+}
rCorr   .            m - +0 pair of gloves
SInv    +            (no barding)
Will    ++...        (no amulet)
Stlth   +++++        b - +4 ring of protection
HPRegen 0.37/turn    e - ring "Demihoj" {Str+4 Int+3 Dex+6}
MPRegen 0.14/turn

%: no passive effects
@: heroic, very slow
A: AC +3, large, see invisible, deformed body, poison resistance, slowness 2,
spit poison 1, naga tail 1
a: Spit Poison, Renounce Religion, Heroism


You were on level 1 of the Lair of Beasts.
You worshipped Okawaru.
Okawaru was most pleased with you.
You visited 3 branches of the dungeon, and saw 11 of its levels.

You collected 349 gold pieces.
You spent 348 gold pieces at shops.


Innate Abilities, Weirdness & Mutations

Your serpentine skin is tough. (AC +3)
You have supernaturally acute eyesight. (SInv)
Armour fits poorly on your strangely shaped body.
Your system is resistant to poisons. (rPois)
You cover ground very slowly.
You can spit poison.
You have a snake-like lower body.


   Skills:
 - Level 9.0(14.0) Fighting
 - Level 13.0(18.0) Ranged Weapons
 - Level 3.0(8.0) Armour
 + Level 5.2(10.2) Dodging
 - Level 1.5(6.5) Stealth
 - Level 4.0 Invocations


You had 10 spell levels left.
You didn't know any spells.
Your spell library was empty.

Inventory:

Hand Weapons
 n - the +2 sling "Cour" {flame, *Slow rC+ rCorr}
   (You found it on level 8 of the Dungeon)

   rC:        It protects you from cold.
   rCorr:     It protects you from acid and corrosion.
   *Slow:     It may slow you when you take damage.
 Y - a +0 orcbow (weapon)
Armour
 a - a +1 helmet (worn)
 j - +0 steam dragon scales
 k - a +0 cloak of stealth (worn)
 m - a +0 pair of gloves (worn)
 p - a +1 robe of willpower (worn)
Jewellery
 b - a +4 ring of protection (left hand)
 d - an amulet of magic regeneration
 e - the ring "Demihoj" (right hand) {Str+4 Int+3 Dex+6}
   (You found it on level 6 of the Dungeon)

   [ring of dexterity]

   Str:       It affects your strength (+4).
   Int:       It affects your intelligence (+3).
   Dex:       It affects your dexterity (+6).
Scrolls
 g - 4 scrolls of identify
Potions
 c - 5 potions of curing
 f - 2 potions of might
 i - a potion of cancellation
 l - a potion of mutation

Dungeon Overview and Level Annotations

Branches:
Dungeon (9/15)             Temple (1/1) D:5            Lair (1/5) D:9
    Orc (0/2) D:9

Altars:
Cheibriados
Dithmenos
Elyvilon
Fedhas
Gozag
Hepliaklqana
Kikubaaqudgha
Makhleb
Nemelex Xobeh
Okawaru
Qazlal
Ru
Sif Muna
Trog
Uskayaw
Vehumet
Xom
Yredelemnul
Zin
The Shining One

Shops:
D:5 !   D:8 [:!!(   D:9 ?

Annotations:
D:2 1 runed translucent door, Crazy Yiuf
D:5 2 transporters, qw's ghost, novice NaHu
D:9 2 runed translucent doors


Message History

The yak gores you. x2; The yak gores you but does no damage.
The yak closely misses you. The basilisk bites you! The yak barely misses you.
9079 ||| INVOKING Heroism.
You gain the combat prowess of a mighty hero.
You have got your breath back.
The yak gores you! The basilisk closely misses you. The yak misses you.
The yak closely misses you. The yak barely misses you.
9080 ||| INVOKING Spit Poison.
Aiming: Spit Poison (1% risk of failure)
Press: ? - help, Shift-Dir - straight line, f/p - yak The splash of poison hits the yak!
The yak is poisoned.
The yak is heavily wounded.
The yak gores you. The basilisk bites you!
The yak gores you but does no damage. The yak closely misses you. x2
You shoot an arrow. The arrow hits the yak.
The yak is severely wounded.
The basilisk gazes at you. You resist with almost no effort.
The yak completely misses you.
The yak closely misses you. x2; The yak gores you.
You shoot an arrow.
The arrow hits the yak but does no damage.
The yak is severely wounded.
You shoot an arrow. The arrow hits the yak.
The yak is severely wounded.
The yak closely misses you. The basilisk barely misses you.
The yak closely misses you. The yak misses you.
The yak gores you but does no damage.
You shoot an arrow. The arrow hits the yak!!
You kill the yak!
Okawaru accepts your kill. The yak gores you! The basilisk misses you.
The yak gores you but does no damage. x2
You shoot an arrow. The arrow hits the yak.
The yak is lightly wounded.
You shoot an arrow. The arrow hits the yak!
The yak is heavily wounded.
You have got your breath back.
The yak closely misses you. The yak gores you but does no damage.
The yak misses you. The basilisk bites you!
You die...

...####### .........##
### ....####..# .. ....#
#P..### .P
....####.##.## .##
.............## ..#
....#.##.PP#..###.######
....#.##......%>l......#
....#.##P###....@Y.)....
.#..#.#### #.###YY.##...
......# #.# ##..#
.....## #.. .... .....#
..# #.##.# #....# #.# .#
# #....# #. .. ##...#
.## #..P.#


You could see 3 yaks and a basilisk.

Vanquished Creatures
  3 death yaks (D:9)
  Pikel (D:9)
  A black mamba (Lair:1)
  2 cane toads (Lair:1)
  2 kobold demonologists (D:7)
  A komodo dragon (Lair:1)
  An ice devil (D:8)
  A steam dragon (D:6)
  10 yaks
  Eustachio (D:4)
  3 acid dragons
  7 water moccasins
  An orc warrior (D:9)
  2 ice beasts (D:7)
  4 sky beasts
  A black bear (D:5)
  3 ogres
  3 centaurs
  2 kobold brigands
  2 gnoll sergeants
  2 bullfrogs
  5 scorpions
  5 wights (D:9)
  6 killer bees (D:9)
  8 howler monkeys
  5 hounds
  3 orc priests
  A jelly (D:5)
  10 iguanas
  2 sleepcaps
  Natasha (twice) (D:4)
  3 orc wizards
  Terence (D:2)
  3 hell rats (D:9)
  Robin (D:2)
  7 gnolls
  2 river rats
  9 adders
  A shadow imp (D:5)
  8 white imps
  An ufetubus (D:7)
  4 worms
  A dart slug (D:4)
  14 orcs
  9 endoplasms
  3 giant cockroaches
  14 goblins
  15 hobgoblins
  2 jackals (D:2)
  9 kobolds
  5 quokkas
  13 ball pythons
  3 frilled lizards
  10 rats
238 creatures vanquished.

Vanquished Creatures (others)
  A hound (D:6)
  A white imp (D:6)
2 creatures vanquished.

Grand Total: 240 creatures vanquished

Notes
Turn   | Place    | Note
-------+----------+-------------------------------------------
     0 | D:1      | qw the Naga Hunter began the quest for the Orb.
     0 | D:1      | Reached XP level 1. HP: 19/19 MP: 1/1
     0 | D:1      | 0 ||| qw: Version: 0.2-a-122-gbc61b45
     0 | D:1      | 0 ||| qw: Game counter: 3606
     0 | D:1      | 0 ||| qw: Always use a shield: true
     0 | D:1      | 0 ||| qw: God list: Okawaru
     0 | D:1      | 0 ||| qw: Allow faded altars: false
     0 | D:1      | 0 ||| qw: Do Orc after D:15 true
     0 | D:1      | 0 ||| qw: Do second Lair branch before Depths: true
     0 | D:1      | 0 ||| qw: Lair rune preference: random
     0 | D:1      | 0 ||| qw: Plans: Normal
     0 | D:1      | 0 ||| PLANNING D:1-11
    11 | D:1      | 11 ||| INVOKING Spit Poison.
    23 | D:1      | Found a faded altar of an unknown god.
    28 | D:1      | 28 ||| INVOKING Spit Poison.
    47 | D:1      | 47 ||| INVOKING Spit Poison.
   200 | D:1      | Reached skill level 4 in Ranged Weapons
   200 | D:1      | Reached XP level 2. HP: 26/26 MP: 2/2
   222 | D:1      | 222 ||| INVOKING Spit Poison.
   238 | D:1      | 238 ||| INVOKING Spit Poison.
   243 | D:1      | 243 ||| INVOKING Spit Poison.
   295 | D:1      | 295 ||| INVOKING Spit Poison.
   304 | D:1      | 304 ||| INVOKING Spit Poison.
   653 | D:1      | 653 ||| READING scroll labelled YCKUVULESI.
   654 | D:1      | 654 ||| READING scroll labelled COUTIUDGHAI.
   655 | D:1      | 655 ||| READING scroll labelled HAEROI HEGET.
   705 | D:1      | 705 ||| READING scroll labelled ROEN YSUURYBUA.
   706 | D:1      | 706 ||| READING scroll labelled SUROVO QOMMOFF.
   707 | D:1      | 707 ||| DRINKING 2 grey potions.
   708 | D:1      | 708 ||| DROPPING scroll of butterflies.
   709 | D:1      | 709 ||| DROPPING potion of degeneration.
   741 | D:2      | 741 ||| INVOKING Spit Poison.
   769 | D:2      | Found a runed translucent door.
   770 | D:2      | Noticed Crazy Yiuf
   848 | D:2      | Reached XP level 3. HP: 32/32 MP: 3/3
   933 | D:2      | 933 ||| INVOKING Spit Poison.
   936 | D:2      | 936 ||| INVOKING Spit Poison.
   945 | D:2      | 945 ||| INVOKING Spit Poison.
   950 | D:2      | 950 ||| INVOKING Spit Poison.
   967 | D:2      | 967 ||| INVOKING Spit Poison.
  1006 | D:2      | 1006 ||| INVOKING Spit Poison.
  1034 | D:2      | 1034 ||| INVOKING Spit Poison.
  1037 | D:2      | Reached skill level 5 in Ranged Weapons
  1037 | D:2      | Reached XP level 4. HP: 31/39 MP: 4/4
  1079 | D:2      | Noticed Terence
  1082 | D:2      | 1082 ||| INVOKING Spit Poison.
  1085 | D:2      | Killed Terence
  1093 | D:2      | 1093 ||| INVOKING Spit Poison.
  1098 | D:2      | 1098 ||| INVOKING Spit Poison.
  1141 | D:2      | Noticed Robin
  1145 | D:2      | 1145 ||| INVOKING Spit Poison.
  1151 | D:2      | 1151 ||| INVOKING Spit Poison.
  1151 | D:2      | Killed Robin
  1155 | D:2      | Reached skill level 3 in Fighting
  1155 | D:2      | 1155 ||| INVOKING Spit Poison.
  1236 | D:2      | 1236 ||| INVOKING Spit Poison.
  1287 | D:2      | 1287 ||| INVOKING Spit Poison.
  1333 | D:2      | 1333 ||| INVOKING Spit Poison.
  1472 | D:2      | 1472 ||| INVOKING Spit Poison.
  1542 | D:2      | 1542 ||| INVOKING Spit Poison.
  1680 | D:2      | 1680 ||| UPGRADING to +0 helmet.
  1685 | D:2      | 1685 ||| UPGRADING to +2 animal skin.
  1695 | D:2      | 1695 ||| DROPPING +0 leather armour.
  1696 | D:2      | 1696 ||| READING scroll of enchant armour.
  1696 | D:2      | 1696 ||| ENCHANTING +0 helmet.
  1697 | D:2      | 1697 ||| READING scroll labelled VIPIECWUONK.
  1698 | D:2      | 1698 ||| READING 2 scrolls labelled VETAIQ EPRUROY.
  1699 | D:2      | 1699 ||| READING scroll labelled NINEHY NOGHA.
  1700 | D:2      | 1700 ||| READING 3 scrolls of identify.
  1700 | D:2      | 1700 ||| IDENTIFYING brown potion
  1701 | D:2      | 1701 ||| DROPPING scroll of immolation.
  1726 | D:3      | 1726 ||| PLANNING SEWER
  1758 | D:3      | 1758 ||| INVOKING Spit Poison.
  1759 | D:3      | Reached XP level 5. HP: 49/49 MP: 5/5
  1813 | D:3      | 1813 ||| INVOKING Spit Poison.
  1835 | D:3      | 1835 ||| INVOKING Spit Poison.
  1856 | D:3      | 1856 ||| INVOKING Spit Poison.
  1867 | D:3      | 1867 ||| INVOKING Spit Poison.
  1884 | D:3      | 1884 ||| INVOKING Spit Poison.
  1889 | D:3      | 1889 ||| INVOKING Spit Poison.
  1922 | D:3      | 1922 ||| INVOKING Spit Poison.
  1983 | D:3      | 1983 ||| INVOKING Spit Poison.
  1986 | D:3      | 1986 ||| INVOKING Spit Poison.
  1993 | D:3      | 1993 ||| INVOKING Spit Poison.
  1996 | D:3      | 1996 ||| INVOKING Spit Poison.
  2002 | D:3      | 2002 ||| INVOKING Spit Poison.
  2073 | D:3      | 2073 ||| INVOKING Spit Poison.
  2206 | D:3      | 2206 ||| INVOKING Spit Poison.
  2209 | D:3      | 2209 ||| RIP SEWER
  2216 | D:3      | 2216 ||| PLANNING D:1-11
  2218 | D:3      | 2218 ||| INVOKING Spit Poison.
  2222 | D:3      | 2222 ||| INVOKING Spit Poison.
  2233 | D:3      | 2233 ||| INVOKING Spit Poison.
  2238 | D:3      | 2238 ||| INVOKING Spit Poison.
  2378 | D:3      | 2378 ||| INVOKING Spit Poison.
  2438 | D:3      | 2438 ||| INVOKING Spit Poison.
  2512 | D:3      | 2512 ||| DROPPING scarf of harm.
  2513 | D:3      | 2513 ||| UPGRADING to +4 ring of protection.
  2514 | D:3      | 2514 ||| READING scroll labelled GYUFUTOALE.
  2515 | D:3      | 2515 ||| READING scroll labelled BULASI RALOZUNK.
  2520 | D:3      | 2520 ||| READING scroll labelled YSTREKKYEPA.
  2557 | D:4      | 2557 ||| INVOKING Spit Poison.
  2561 | D:4      | Reached skill level 6 in Ranged Weapons
  2564 | D:4      | 2564 ||| INVOKING Spit Poison.
  2578 | D:4      | 2578 ||| INVOKING Spit Poison.
  2598 | D:4      | Found a glowing silver altar of Zin.
  2599 | D:4      | 2599 ||| INVOKING Spit Poison.
  2659 | D:4      | 2659 ||| INVOKING Spit Poison.
  2663 | D:4      | Reached XP level 6. HP: 49/57 MP: 6/6
  2666 | D:4      | 2666 ||| INVOKING Spit Poison.
  2733 | D:4      | 2733 ||| INVOKING Spit Poison.
  2739 | D:4      | 2739 ||| INVOKING Spit Poison.
  2742 | D:4      | 2742 ||| INVOKING Spit Poison.
  2749 | D:4      | 2749 ||| INVOKING Spit Poison.
  2753 | D:4      | 2753 ||| INVOKING Spit Poison.
  2760 | D:4      | 2760 ||| INVOKING Spit Poison.
  2765 | D:4      | Reached XP level 7. HP: 30/64 MP: 7/7
  2957 | D:4      | 2957 ||| INVOKING Spit Poison.
  2962 | D:4      | 2962 ||| INVOKING Spit Poison.
  3002 | D:4      | Noticed Eustachio
  3005 | D:4      | 3005 ||| INVOKING Spit Poison.
  3011 | D:4      | 3011 ||| INVOKING Spit Poison.
  3017 | D:4      | 3017 ||| INVOKING Spit Poison.
  3020 | D:4      | Killed Eustachio
  3021 | D:4      | Reached skill level 7 in Ranged Weapons
  3161 | D:4      | 3161 ||| INVOKING Spit Poison.
  3165 | D:4      | 3165 ||| INVOKING Spit Poison.
  3237 | D:4      | Noticed Natasha
  3238 | D:4      | 3238 ||| INVOKING Spit Poison.
  3244 | D:4      | 3244 ||| INVOKING Spit Poison.
  3246 | D:4      | Killed Natasha
  3248 | D:4      | 3248 ||| INVOKING Spit Poison.
  3283 | D:4      | 3283 ||| INVOKING Spit Poison.
  3378 | D:4      | 3378 ||| INVOKING Spit Poison.
  3386 | D:4      | Noticed Natasha
  3388 | D:4      | 3388 ||| INVOKING Spit Poison.
  3392 | D:4      | 3392 ||| INVOKING Spit Poison.
  3395 | D:4      | 3395 ||| INVOKING Spit Poison.
  3396 | D:4      | Killed Natasha
  3397 | D:4      | Reached skill level 8 in Ranged Weapons
  3397 | D:4      | Reached XP level 8. HP: 72/72 MP: 8/8
  3528 | D:4      | 3528 ||| READING 5 scrolls of identify.
  3528 | D:4      | 3528 ||| IDENTIFYING glowing green potion
  3529 | D:4      | 3529 ||| READING 4 scrolls of identify.
  3529 | D:4      | 3529 ||| IDENTIFYING clear potion
  3530 | D:4      | 3530 ||| READING 3 scrolls of identify.
  3530 | D:4      | 3530 ||| IDENTIFYING fuming sapphire potion
  3531 | D:4      | 3531 ||| READING 2 scrolls of identify.
  3531 | D:4      | 3531 ||| IDENTIFYING bubbling ruby potion
  3532 | D:4      | 3532 ||| DROPPING potion of enlightenment.
  3533 | D:4      | 3533 ||| DROPPING potion of magic.
  3560 | D:5      | Entered Level 5 of the Dungeon
  3561 | D:5      | 3561 ||| INVOKING Spit Poison.
  3567 | D:5      | 3567 ||| INVOKING Spit Poison.
  3608 | D:5      | 3608 ||| INVOKING Spit Poison.
  3612 | D:5      | 3612 ||| INVOKING Spit Poison.
  3626 | D:5      | 3626 ||| INVOKING Spit Poison.
  3654 | D:5      | 3654 ||| INVOKING Spit Poison.
  3666 | D:5      | Found a staircase to the Ecumenical Temple.
  3667 | D:5      | 3667 ||| PLANNING TEMPLE
  3667 | D:5      | 3667 ||| INVOKING Spit Poison.
  3670 | D:5      | 3670 ||| INVOKING Spit Poison.
  3679 | Temple   | Entered the Ecumenical Temple
  3679 | Temple   | Found a transporter.
  3679 | Temple   | Found a transporter.
  3681 | Temple   | Found a transporter.
  3681 | Temple   | Found a transporter.
  3691 | Temple   | 3691 ||| PLANNING D:1-11
  3749 | D:5      | 3749 ||| INVOKING Spit Poison.
  3761 | D:5      | 3761 ||| INVOKING Spit Poison.
  3764 | D:5      | 3764 ||| INVOKING Spit Poison.
  3775 | D:5      | 3775 ||| INVOKING Spit Poison.
  3784 | D:5      | Noticed qw's ghost (novice NaHu)
  3785 | D:5      | Found a transporter.
  3786 | D:5      | Found a transporter.
  3800 | D:5      | 3800 ||| INVOKING Spit Poison.
  3811 | D:5      | 3811 ||| INVOKING Spit Poison.
  3817 | D:5      | Found Vojuol's Distillery.
  3823 | D:5      | 3823 ||| BUYING potion of cancellation (88 gold).
  3823 | D:5      | Bought a potion of cancellation for 88 gold pieces
  3823 | D:5      | 3823 ||| BUYING potion of cancellation (88 gold).
  3823 | D:5      | Bought a potion of cancellation for 88 gold pieces
  3823 | D:5      | 3823 ||| SHOPLISTING potion of curing (33 gold, have 7).
  3823 | D:5      | 3823 ||| SHOPLISTING potion of heal wounds (55 gold, have
                  | 7).
  3831 | D:5      | 3831 ||| READING scroll of enchant weapon.
  3831 | D:5      | 3831 ||| ENCHANTING +1 shortbow.
  3856 | D:5      | 3856 ||| INVOKING Spit Poison.
  3861 | D:5      | 3861 ||| INVOKING Spit Poison.
  3887 | D:5      | 3887 ||| INVOKING Spit Poison.
  3962 | D:5      | 3962 ||| INVOKING Spit Poison.
  4107 | D:5      | 4107 ||| READING scroll labelled FON CUFRARATOA.
  4143 | D:6      | Identified the ring "Demihoj" {Str+4 Int+3 Dex+6}
  4167 | D:6      | 4167 ||| INVOKING Spit Poison.
  4172 | D:6      | 4172 ||| INVOKING Spit Poison.
  4176 | D:6      | 4176 ||| INVOKING Spit Poison.
  4182 | D:6      | Reached skill level 9 in Ranged Weapons
  4318 | D:6      | Found a blossoming altar of Fedhas.
  4318 | D:6      | Found a shimmering altar of Xom.
  4318 | D:6      | Found a glowing golden altar of the Shining One.
  4318 | D:6      | Found an ancient bone altar of Kikubaaqudgha.
  4324 | D:6      | Found an iron altar of Okawaru.
  4324 | D:6      | Found a sparkling altar of Nemelex Xobeh.
  4325 | D:6      | 4325 ||| PLANNING OKAWARU WORSHIP
  4325 | D:6      | 4325 ||| UPGRADING to ring "Demihoj" {Str+4 Int+3 Dex+6}.
  4333 | D:6      | Became a worshipper of Warmaster Okawaru
  4333 | D:6      | 4333 ||| PLANNING D:1-11
  4475 | D:6      | 4475 ||| INVOKING Spit Poison.
  4476 | D:6      | 4476 ||| INVOKING Spit Poison.
  4482 | D:6      | 4482 ||| INVOKING Spit Poison.
  4490 | D:6      | 4490 ||| INVOKING Spit Poison.
  4627 | D:6      | 4627 ||| INVOKING Spit Poison.
  4630 | D:6      | 4630 ||| INVOKING Spit Poison.
  4676 | D:6      | 4676 ||| INVOKING Spit Poison.
  4684 | D:6      | 4684 ||| INVOKING Spit Poison.
  4687 | D:6      | Reached skill level 3 in Dodging
  4708 | D:6      | Noticed a yak
  4710 | D:6      | 4710 ||| INVOKING Spit Poison.
  4711 | D:6      | Noticed a yak
  4712 | D:6      | Noticed a yak
  4714 | D:6      | Reached XP level 9. HP: 82/82 MP: 9/9
  4716 | D:6      | 4716 ||| INVOKING Spit Poison.
  4719 | D:6      | Reached skill level 6 in Fighting
  4720 | D:6      | 4720 ||| INVOKING Spit Poison.
  4726 | D:6      | 4726 ||| INVOKING Spit Poison.
  4732 | D:6      | 4732 ||| INVOKING Spit Poison.
  4736 | D:6      | Reached * piety under Okawaru
  4737 | D:6      | 4737 ||| INVOKING Heroism.
  4739 | D:6      | 4739 ||| INVOKING Spit Poison.
  4743 | D:6      | HP: 16/85 [steam dragon/ball of steam (11)]
  4744 | D:6      | 4744 ||| READING scroll of teleportation.
  4745 | D:6      | 4745 ||| DRINKING 2 potions of heal wounds.
  4748 | D:6      | 4748 ||| INVOKING Spit Poison.
  4753 | D:6      | 4753 ||| INVOKING Spit Poison.
  4783 | D:6      | 4783 ||| INVOKING Heroism.
  4784 | D:6      | 4784 ||| INVOKING Spit Poison.
  4951 | D:6      | 4951 ||| INVOKING Spit Poison.
  4956 | D:6      | 4956 ||| INVOKING Spit Poison.
  4974 | D:6      | 4974 ||| INVOKING Spit Poison.
  5096 | D:6      | 5096 ||| UPGRADING to +0 steam dragon scales.
  5106 | D:6      | 5106 ||| DROPPING +2 animal skin.
  5107 | D:6      | 5107 ||| UPGRADING to +0 cloak of stealth.
  5112 | D:6      | 5112 ||| READING 3 scrolls of identify.
  5112 | D:6      | 5112 ||| IDENTIFYING sedimented black potion
  5116 | D:7      | 5116 ||| PLANNING OSSUARY
  5116 | D:7      | 5116 ||| INVOKING Spit Poison.
  5124 | D:7      | 5124 ||| INVOKING Spit Poison.
  5125 | D:7      | Reached skill level 1 in Invocations
  5162 | D:7      | 5162 ||| INVOKING Spit Poison.
  5167 | D:7      | 5167 ||| INVOKING Spit Poison.
  5168 | D:7      | Reached skill level 1 in Armour
  5187 | D:7      | 5187 ||| INVOKING Spit Poison.
  5244 | D:7      | Noticed a kobold demonologist
  5245 | D:7      | 5245 ||| INVOKING Spit Poison.
  5249 | D:7      | Noticed a kobold demonologist
  5250 | D:7      | 5250 ||| INVOKING Spit Poison.
  5252 | D:7      | Killed a kobold demonologist
  5253 | D:7      | Reached skill level 3 in Invocations
  5254 | D:7      | Noticed a hellwing
  5256 | D:7      | 5256 ||| INVOKING Spit Poison.
  5260 | D:7      | 5260 ||| INVOKING Heroism.
  5262 | D:7      | 5262 ||| INVOKING Spit Poison.
  5263 | D:7      | Killed a kobold demonologist
  5264 | D:7      | Reached skill level 10 in Ranged Weapons
  5285 | D:7      | 5285 ||| INVOKING Heroism.
  5286 | D:7      | 5286 ||| INVOKING Spit Poison.
  5376 | D:7      | 5376 ||| INVOKING Spit Poison.
  5382 | D:7      | Reached XP level 10. HP: 92/92 MP: 13/13
  5384 | D:7      | 5384 ||| INVOKING Spit Poison.
  5388 | D:7      | 5388 ||| INVOKING Spit Poison.
  5393 | D:7      | 5393 ||| INVOKING Spit Poison.
  5395 | D:7      | 5395 ||| INVOKING Heroism.
  5398 | D:7      | 5398 ||| INVOKING Spit Poison.
  5405 | D:7      | 5405 ||| INVOKING Spit Poison.
  5407 | D:7      | HP: 21/94 [yak (9)]
  5408 | D:7      | 5408 ||| DRINKING potion of heal wounds.
  5409 | D:7      | 5409 ||| INVOKING Spit Poison.
  5416 | D:7      | 5416 ||| INVOKING Spit Poison.
  5614 | D:7      | 5614 ||| INVOKING Spit Poison.
  5627 | D:7      | 5627 ||| INVOKING Spit Poison.
  5731 | D:7      | 5731 ||| RIP OSSUARY
  5732 | D:7      | 5732 ||| PLANNING D:1-11
  5854 | D:7      | 5854 ||| READING scroll of enchant weapon.
  5854 | D:7      | 5854 ||| ENCHANTING +2 shortbow.
  6089 | D:7      | 6089 ||| READING 3 scrolls of identify.
  6089 | D:7      | 6089 ||| IDENTIFYING bubbling silvery potion
  6090 | D:7      | 6090 ||| DROPPING potion of lignification.
  6141 | D:8      | 6141 ||| INVOKING Spit Poison.
  6145 | D:8      | 6145 ||| INVOKING Spit Poison.
  6147 | D:8      | 6147 ||| INVOKING Heroism.
  6153 | D:8      | 6153 ||| INVOKING Spit Poison.
  6259 | D:8      | 6259 ||| INVOKING Spit Poison.
  6262 | D:8      | 6262 ||| Stepping ~*~*~tactically~*~*~ (outnumbered).
  6264 | D:8      | 6264 ||| INVOKING Spit Poison.
  6271 | D:8      | 6271 ||| INVOKING Spit Poison.
  6276 | D:8      | 6276 ||| INVOKING Spit Poison.
  6335 | D:8      | Reached skill level 11 in Ranged Weapons
  6370 | D:8      | Found Miatsun's Weapon Emporium.
  6388 | D:8      | 6388 ||| SHOPLISTING +2 heavy orcbow (292 gold, have 147).
  6401 | D:8      | 6401 ||| INVOKING Spit Poison.
  6402 | D:8      | Reached ** piety under Okawaru
  6513 | D:8      | Found Cogaolei's Distillery.
  6518 | D:8      | 6518 ||| BUYING potion of curing (45 gold).
  6518 | D:8      | Bought a potion of curing for 45 gold pieces
  6518 | D:8      | 6518 ||| SHOPLISTING potion of magic (120 gold, have 102).
  6518 | D:8      | 6518 ||| BUYING potion of might (60 gold).
  6518 | D:8      | Bought a potion of might for 60 gold pieces
  6518 | D:8      | 6518 ||| SHOPLISTING potion of mutation (120 gold, have
                  | 42).
  6550 | D:8      | Identified the +2 sling "Cour" {flame, *Slow rC+ rCorr}
  6645 | D:8      | Found Siybad's Armour Shoppe.
  6654 | D:8      | 6654 ||| SHOPLISTING +2 robe of fire resistance (265 gold,
                  | have 42).
  6677 | D:8      | 6677 ||| INVOKING Spit Poison.
  6683 | D:8      | 6683 ||| INVOKING Spit Poison.
  6684 | D:8      | 6684 ||| INVOKING Heroism.
  6799 | D:8      | 6799 ||| INVOKING Spit Poison.
  6856 | D:8      | 6856 ||| SWAPPING to +0 orcbow.
  6863 | D:8      | 6863 ||| DROPPING +3 shortbow.
  6932 | D:8      | Found Bettisko's Book Shoppe.
  6949 | D:8      | Found Yssajusi's Distillery.
  6962 | D:8      | 6962 ||| BUYING potion of curing (39 gold).
  6962 | D:8      | Bought a potion of curing for 39 gold pieces
  6962 | D:8      | 6962 ||| SHOPLISTING potion of curing (39 gold, have 3).
  6962 | D:8      | 6962 ||| SHOPLISTING potion of heal wounds (65 gold, have
                  | 3).
  6962 | D:8      | 6962 ||| SHOPLISTING potion of might (52 gold, have 3).
  7050 | D:8      | Found the +8 frozen axe "Frostbite" {freeze, freezing
                  | cloud, *Noise Fly rC+}
  7252 | D:8      | 7252 ||| UPGRADING to +0 pair of gloves.
  7257 | D:8      | 7257 ||| READING scroll labelled AWAHUM REGYANUN.
  7378 | D:9      | 7378 ||| INVOKING Spit Poison.
  7386 | D:9      | 7386 ||| INVOKING Spit Poison.
  7399 | D:9      | 7399 ||| STAIRDANCE
  7436 | D:9      | Noticed Pikel
  7437 | D:9      | 7437 ||| INVOKING Spit Poison.
  7438 | D:9      | 7438 ||| Stepping ~*~*~tactically~*~*~ (outnumbered).
  7442 | D:9      | 7442 ||| INVOKING Spit Poison.
  7446 | D:9      | 7446 ||| INVOKING Spit Poison.
  7447 | D:9      | Killed Pikel
  7449 | D:9      | 7449 ||| INVOKING Spit Poison.
  7498 | D:9      | 7498 ||| INVOKING Spit Poison.
  7504 | D:9      | 7504 ||| INVOKING Spit Poison.
  7535 | D:9      | Identified the +0 leather armour of Going Fast {Int+3}
  7641 | D:9      | 7641 ||| INVOKING Spit Poison.
  7647 | D:9      | Found a runed translucent door.
  7649 | D:9      | Found a runed translucent door.
  7656 | D:9      | 7656 ||| INVOKING Spit Poison.
  7657 | D:9      | Noticed a death yak
  7658 | D:9      | 7658 ||| INVOKING Heroism.
  7661 | D:9      | 7661 ||| Stepping ~*~*~tactically~*~*~ (outnumbered).
  7662 | D:9      | 7662 ||| INVOKING Spit Poison.
  7669 | D:9      | 7669 ||| INVOKING Spit Poison.
  7673 | D:9      | 7673 ||| INVOKING Spit Poison.
  7682 | D:9      | 7682 ||| INVOKING Spit Poison.
  7689 | D:9      | 7689 ||| INVOKING Spit Poison.
  7694 | D:9      | Reached XP level 11. HP: 80/103 MP: 14/14
  7695 | D:9      | 7695 ||| INVOKING Spit Poison.
  7718 | D:9      | 7718 ||| INVOKING Heroism.
  7719 | D:9      | 7719 ||| INVOKING Spit Poison.
  7725 | D:9      | 7725 ||| INVOKING Spit Poison.
  7726 | D:9      | Noticed a death yak
  7729 | D:9      | 7729 ||| INVOKING Spit Poison.
  7732 | D:9      | 7732 ||| INVOKING Heroism.
  7738 | D:9      | Killed a death yak
  7739 | D:9      | Reached skill level 12 in Ranged Weapons
  7739 | D:9      | 7739 ||| INVOKING Spit Poison.
  7744 | D:9      | Noticed a death yak
  7749 | D:9      | 7749 ||| INVOKING Spit Poison.
  7755 | D:9      | 7755 ||| INVOKING Spit Poison.
  7755 | D:9      | HP: 17/103 [death yak (10)]
  7756 | D:9      | 7756 ||| READING scroll of teleportation.
  7757 | D:9      | 7757 ||| INVOKING Heroism.
  7759 | D:9      | HP: 8/103 [water moccasin (3)]
  7760 | D:9      | 7760 ||| INVOKING Spit Poison.
  8054 | D:9      | Found Xoinilih's Magic Scroll Shop.
  8061 | D:9      | 8061 ||| SHOPLISTING scroll of enchant armour (105 gold,
                  | have 29).
  8061 | D:9      | 8061 ||| BUYING scroll of identify (28 gold).
  8061 | D:9      | Bought a scroll of identify for 28 gold pieces
  8061 | D:9      | 8061 ||| SHOPLISTING scroll of identify (28 gold, have 1).
  8067 | D:9      | 8067 ||| INVOKING Spit Poison.
  8106 | D:9      | 8106 ||| INVOKING Spit Poison.
  8111 | D:9      | 8111 ||| INVOKING Spit Poison.
  8119 | D:9      | 8119 ||| INVOKING Spit Poison.
  8127 | D:9      | 8127 ||| INVOKING Spit Poison.
  8128 | D:9      | 8128 ||| INVOKING Heroism.
  8131 | D:9      | 8131 ||| INVOKING Spit Poison.
  8138 | D:9      | 8138 ||| INVOKING Spit Poison.
  8145 | D:9      | Reached skill level 3 in Armour
  8147 | D:9      | 8147 ||| INVOKING Spit Poison.
  8151 | D:9      | 8151 ||| INVOKING Heroism.
  8152 | D:9      | 8152 ||| INVOKING Spit Poison.
  8330 | D:9      | 8330 ||| INVOKING Spit Poison.
  8373 | D:9      | 8373 ||| INVOKING Spit Poison.
  8377 | D:9      | 8377 ||| INVOKING Spit Poison.
  8384 | D:9      | 8384 ||| INVOKING Spit Poison.
  8387 | D:9      | Found a staircase to the Orcish Mines.
  8455 | D:9      | Found a staircase to the Lair.
  8457 | D:9      | 8457 ||| INVOKING Spit Poison.
  8504 | D:9      | 8504 ||| INVOKING Spit Poison.
  8570 | D:9      | 8570 ||| INVOKING Heroism.
  8571 | D:9      | 8571 ||| INVOKING Spit Poison.
  8575 | D:9      | 8575 ||| INVOKING Spit Poison.
  8581 | D:9      | 8581 ||| INVOKING Spit Poison.
  8586 | D:9      | Killed a death yak
  8587 | D:9      | 8587 ||| INVOKING Spit Poison.
  8593 | D:9      | 8593 ||| INVOKING Spit Poison.
  8596 | D:9      | Killed a death yak
  8596 | D:9      | Reached *** piety under Okawaru
  8614 | D:9      | 8614 ||| INVOKING Spit Poison.
  8620 | D:9      | 8620 ||| INVOKING Spit Poison.
  8789 | D:9      | 8789 ||| PLANNING LAIR
  8789 | D:9      | 8789 ||| DROPPING +0 leather armour of Going Fast {Int+3}.
  8790 | D:9      | 8790 ||| UPGRADING to +1 robe of willpower.
  8800 | D:9      | 8800 ||| DROPPING ring of flight.
  8801 | D:9      | 8801 ||| READING scroll labelled VUOPLUSHRUF.
  8819 | Lair:1   | Entered Level 1 of the Lair of Beasts
  8859 | Lair:1   | 8859 ||| INVOKING Heroism.
  8860 | Lair:1   | 8860 ||| INVOKING Spit Poison.
  8869 | Lair:1   | Reached skill level 13 in Ranged Weapons
  8869 | Lair:1   | 8869 ||| INVOKING Spit Poison.
  8982 | Lair:1   | 8982 ||| INVOKING Heroism.
  9026 | Lair:1   | 9026 ||| INVOKING Heroism.
  9059 | Lair:1   | 9059 ||| INVOKING Heroism.
  9064 | Lair:1   | 9064 ||| INVOKING Spit Poison.
  9073 | Lair:1   | 9073 ||| INVOKING Spit Poison.
  9075 | Lair:1   | Reached skill level 9 in Fighting
  9077 | Lair:1   | 9077 ||| INVOKING Spit Poison.
  9078 | Lair:1   | 9078 ||| DRINKING 2 potions of cancellation.
  9079 | Lair:1   | 9079 ||| INVOKING Heroism.
  9080 | Lair:1   | 9080 ||| INVOKING Spit Poison.
  9080 | Lair:1   | HP: 24/106 [yak (4)]
  9084 | Lair:1   | HP: 7/106 [yak (8)]
  9086 | Lair:1   | Mangled by a basilisk

Levels and vault maps discovered:
D:1:      heliophobic_arrival_ceremonial_halls, layout_basic,
          dreamdust_ecumenical_altar_statues, chequers_serial_rivers_micro_e
D:2:      layout_loops_ring, uniq_terence, uniq_robin, uniq_crazy_yiuf_cottage
D:3:      layout_loops_ring, portal_sewer_entry_e, serial_aquarium,
          aquarium_bridge_straight [aquarium_subvault_bridge,
          aquarium_subvault_wall, aquarium_subvault_bridge,
          aquarium_subvault_window], aquarium_window_3, aquarium_window_double,
          aquarium_window_1, aquarium_window_1, aquarium_view_2b,
          aquarium_view_2d, kennysheep_decorative_pillar
D:4:      minmay_chambers_of_threes, layout_rooms, marbit_many_paths,
          minmay_misc_feat_rugged, uniq_eustachio, uniq_natasha
D:5:      layout_rooms, minmay_temple_entry_sparse_star,
          gammafunk_ghost_mausoleum, serial_shops, nicolae_shop_crystal
D:6:      layout_rooms, minmay_overflow_temple_hex, kennysheep_flooded_box,
          chequers_avenue, minmay_increasing_density
D:7:      layout_loops_ring, enter_ossuary_1
D:8:      layout_basic, serial_shops, nicolae_diamond_shop,
          nicolae_shop_tiny_statue_garden, shop, nicolae_shop_behind_doors,
          nicolae_book_shop_shelving, hangedman_decor_peaks_small,
          minmay_splitting_lines, hellmonk_guarded_unrand_frostbite
D:9:      lemuel_insect_pit, layout_loops_ring, dpeg_lair_monsters, orc_0_dummy,
          serial_shops, shop, uniq_pikel
Temple:   hellmonk_temple_divided_pantheon
Lair:1:   layout_loops_ring, serial_rivers, chequers_serial_rivers_large_b,
          chequers_serial_rivers_small_3, chequers_serial_rivers_micro_d,
          chequers_serial_rivers_small_3, chequers_serial_rivers_micro_a,
          wad_woods_river_04

Skill      XL: |  1  2  3  4  5  6  7  8  9 10 11 |
---------------+----------------------------------+-----
Ranged Weapons | 4 5 6 8 9 10 11 13 | 13.0
Fighting       | 3 4 5 6 8 9 |  9.0
Dodging        | 2 3 4 5 |  5.2
Invocations    | 4 |  4.0
Armour         | 2 3 |  3.0
Stealth        | |  1.5

Action                     |  1- 3 |  4- 6 |  7- 9 | 10-12 || total
---------------------------+-------+-------+-------+-------++-------
   Fire: Shortbow          |    51 |   156 |   256 |   167 ||   630
         Orcbow            |       |       |       |   289 ||   289
 Invoke: Heroism           |       |       |     4 |    15 ||    19
Ability: Spit Poison       |    16 |    44 |    66 |    71 ||   197
    Use: Scroll            |     5 |     8 |     8 |     5 ||    26
         Potion            |     1 |       |     1 |     2 ||     4
 Armour: Leather armour    |     2 |     2 |       |       ||     4
         Animal skin       |       |    35 |    59 |       ||    94
         Steam dragon scal |       |       |    11 |   107 ||   118
         Robe              |       |       |       |    17 ||    17
  Dodge: Dodged            |     9 |    37 |   122 |   245 ||   413

Table legend:
 A = Non-vault XP
 B = Vault XP
 C = Vault XP percentage of total XP
 D = Non-vault monster count
 E = Vault monster count
 F = Vault count percentage of total count
                 A         B        C        D         E       F
            +---------+---------+-------+---------+---------+-------
      Total |   10671 |    4631 |  30.3 |     181 |      59 |  24.6
            +---------+---------+-------+---------+---------+-------
        D:1 |      28 |       0 |   0.0 |      18 |       0 |   0.0
        D:2 |      69 |      67 |  49.3 |      16 |      12 |  42.9
        D:3 |     113 |      24 |  17.5 |      19 |       8 |  29.6
        D:4 |     351 |     558 |  61.4 |      23 |      15 |  39.5
        D:5 |     620 |       0 |   0.0 |      17 |       0 |   0.0
        D:6 |    1111 |     409 |  26.9 |      12 |       6 |  33.3
        D:7 |    2587 |       0 |   0.0 |      17 |       0 |   0.0
        D:8 |    1588 |     375 |  19.1 |      18 |       6 |  25.0
        D:9 |    1901 |    3198 |  62.7 |      33 |      12 |  26.7
     Lair:1 |    2303 |       0 |   0.0 |       8 |       0 |   0.0
            +---------+---------+-------+---------+---------+-------
